 Dungeon Sprint DCSS version 0.31-a0-1458-g2f8d4710b4 (webtiles) character file.

Game seed: 16644132111058601198

28243 Groucho the Ninja (level 13, -3/80 HPs)
             Began as a Felid Berserker on Dec 28, 2023.
             Was the Champion of Trog.
             Slain by the 27-headed Lernaean hydra (13 damage)
             ... in the Dungeon (Sprint I: "Red Sonja").
             The game lasted 00:16:40 (4383 turns).

Groucho the Ninja (Felid Berserker)                 Turns: 4383, Time: 00:16:41

Health: -3/80      AC:  7    Str: 13    XL:     13   Next: 8%
Magic:  14/14      EV: 34    Int: 12    God:    Trog [******]
Gold:   2779       SH:  0    Dex: 20    Spells: 12/12 levels left
                                        Lives:  0   Deaths: 4

rFire   + .          .
                       - Unarmed
rCold   + . .        (shield unavailable)
rNeg    . . .        (body armour unavailable)
rPois   +            (helmet unavailable)
rElec   .            (cloak unavailable)
rCorr   .            (gloves unavailable)
SInv    +            (boots unavailable)
Will    +....        f - amulet of regeneration
Stlth   ++++++++++   k - ring "Sedaerue" {rPois AC+4 SInv}
HPRegen 1.13/turn    j - ring of protection from fire
MPRegen 0.14/turn

%: no teleportation, random rage (3%)
@: no status effects
A: very small, claws 1, fangs 3, see invisible, shaggy fur 3, stealthy paws, no
weapons or thrown items, no armour, multi-lived, berserk 1, screaming 1
a: Renounce Religion, Berserk, Trog's Hand, Brothers in Arms


You were in the Dungeon.
You worshipped Trog.
Trog was exalted by your worship.
You visited 1 branch You collected 4241 gold pieces.
You spent 1462 gold pieces at shops.

Inventory:

Jewellery
 c - the ring of Romedgh {EV+5 Int+2}
   (You took it off a deep elf master archer in the Dungeon)

   [ring of evasion]

   EV+5:      It affects your evasion (+5).
   Int+2:     It affects your intelligence (+2).
 f - an amulet of regeneration (around neck)
 j - a ring of protection from fire (right paw)
 k - the ring "Sedaerue" (left paw) {rPois AC+4 SInv}
   (You bought it in a shop in the Dungeon)

   [ring of protection]

   AC+4:      It affects your AC (+4).
   rPois:     It protects you from poison SInv: It lets you see invisible.
Wands
 g - a wand of mindburst (8)
 m - a wand of flame (11)
 n - a wand of polymorph (7)
 p - a wand of paralysis (5)
 q - a wand of digging (4)
Scrolls
 b - a scroll of amnesia {unknown}
 i - 2 scrolls of immolation {unknown}
Potions
 a - 3 potions of curing
 d - 2 potions of magic
 e - 2 potions of berserk rage
 h - 2 potions of enlightenment
 r - a potion of ambrosia


   Skills:
 + Level 15.0 Fighting
 + Level 19.1 Dodging
 O Level 27 Stealth
 + Level 15.0 Unarmed Combat
 + Level 15.9 Evocations


You had 12 spell levels left.
You didn't know any spells.
Your spell library was empty.

Dungeon Overview and Level Annotations

Branches:
Dungeon (1/1)

Altars:
Cheibriados
Dithmenos
Elyvilon
Fedhas
Gozag
Hepliaklqana
Kikubaaqudgha
Makhleb
Nemelex Xobeh
Okawaru
Qazlal
Ru
Sif Muna
Trog
Uskayaw
Vehumet
Wu Jian
Xom
Yredelemnul
Zin
The Shining One
Jiyva
Lugonu

Shops:
D [![:*(?*??([*(((:**[=(

Annotations:
D Lernaean hydra


Innate Abilities, Weirdness & Mutations

You have sharp claws.
You have razor-sharp teeth.
You have supernaturally acute eyesight. (SInv)
Your thick and shaggy fur keeps you warm. (AC +3, rC+)
Your paws help you pounce on unaware monsters.
You are incapable of wielding weapons or throwing items.
You cannot wear armour.
You gain extra lives every three experience levels.
You sometimes lose your temper in combat.
You occasionally shout uncontrollably at your foes.


Message History

You hear a deafening roar!
The 27-headed Lernaean hydra is engulfed in a cloud of scalding steam.
Unknown command.
Unknown command.
You start waiting.
The 27-headed Lernaean hydra is nearby!
The 27-headed Lernaean hydra is engulfed in a cloud of scalding steam.
You see here a +0 mace.
Aiming: Polymorph
Press: ? - help, Shift-Dir - straight line, f/p - 27-headed Lernaean hydra
Aim: the 27-headed Lernaean hydra (lightly wounded, not susceptible)
Okay, then.
Okay, then.
Okay, then.
Aiming: Paralyse
Press: ? - help, Shift-Dir - straight line, f/p - 27-headed Lernaean hydra
Aim: the 27-headed Lernaean hydra (lightly wounded, chance to affect: 6%)
The 27-headed Lernaean hydra resists with almost no effort.
The 27-headed Lernaean hydra bites you!
The 27-headed Lernaean hydra completely misses you.
The 27-headed Lernaean hydra bites you!
The 27-headed Lernaean hydra completely misses you.
The 27-headed Lernaean hydra bites you!
The 27-headed Lernaean hydra bites you but does no damage.
The 27-headed Lernaean hydra misses you.
The 27-headed Lernaean hydra bites you! The 27-headed Lernaean hydra bites you.
The 27-headed Lernaean hydra closely misses you.
The 27-headed Lernaean hydra barely misses you.
The 27-headed Lernaean hydra completely misses you. x2
The 27-headed Lernaean hydra barely misses you.
The 27-headed Lernaean hydra bites you. The 27-headed Lernaean hydra bites you!
* * * LOW HITPOINT WARNING * * *
The 27-headed Lernaean hydra misses you.
The 27-headed Lernaean hydra bites you!
* * * LOW HITPOINT WARNING * * *
The 27-headed Lernaean hydra bites you.
* * * LOW HITPOINT WARNING * * *
The 27-headed Lernaean hydra completely misses you.
The 27-headed Lernaean hydra bites you!
You die...

.#...###..#.#.#).≈###§##...#
.+°....##...#.#.)≈.[#§####'#
.#.....#.†###.#..≈)##'#§.§.##
.###++##.##...#..≈##...§§§..##
## #..#'###..≈#......§§..# #
##...#.≈..##..........## #
###.#.≈..#.....[).....# #
#.###..#.....:......# #
#.#.'.@##..........##
####'#.##D##..........# ##
###..))#.#~~~##........##
.#####...#### #~~†§##.[.[..##
.......### #~~~§~########
...##### ####~~§§#~~~ ..##
#..#'~~~'~~.~ .##
#...##~~#~~~~ .# #....######'#


You could see the 27-headed Lernaean hydra.

Vanquished Creatures
  A golden dragon (D)
  A deep elf master archer (D)
  A shadow dragon (D)
  A daeva (D)
  A lorocyproca (D)
  A deep elf annihilator (D)
  A mummy priest (D)
  A hydra (D)
  2 centaur warriors (D)
  3 demonic crawlers (D)
  Sonja (D)
  A deep troll (D)
  A lindwurm (D)
  2 oklob plants (D)
  2 merfolk sirens (D)
  2 gargoyles (D)
  2 kobold demonologists (D)
  7 unseen horrors (D)
  A hellwing (D)
  4 glass eyes (D)
  5 hornets (D)
  A slime creature (D)
  Sigmund (D)
  A yak (D)
  13 hogs (D)
  2 redbacks (D)
  An ogre (D)
  6 necrophages (D)
  2 jellies (D)
  Ijyb (D)
  2 ballistomycete spores (D)
71 creatures vanquished.

Vanquished Creatures (collateral kills)
  4 fire giants (D)
  A demonic crawler (D)
  8 shining eyes (D)
  3 glass eyes (D)
  A necrophage (D)
  6 jellies (D)
23 creatures vanquished.

Grand Total: 94 creatures vanquished

Notes
Turn   | Place    | Note
-------+----------+-------------------------------------------
     0 | D        | Groucho the Felid Berserker began the quest for the Orb.
     0 | D        | Reached XP level 1. HP: 12/12 MP: 2/2
     2 | D        | Noticed Ijyb
     7 | D        | Killed Ijyb
     8 | D        | Reached skill level 8 in Stealth
     8 | D        | Reached XP level 2. HP: 16/16 MP: 3/3
    62 | D        | Noticed an ogre
    64 | D        | Killed an ogre
    65 | D        | Reached skill level 12 in Stealth
    65 | D        | Reached XP level 3. HP: 20/20 MP: 4/4
    65 | D        | Reached XP level 4. HP: 24/24 MP: 5/5
    65 | D        | Gained a life (2 lives remaining)
    78 | D        | Noticed Sigmund
    80 | D        | Killed Sigmund
    80 | D        | Reached ** piety under Trog
    81 | D        | Reached skill level 17 in Stealth
    81 | D        | Reached XP level 5. HP: 28/28 MP: 6/6
    81 | D        | Gained mutation: You are covered in thick fur. (AC +2)
                  | [Felid growth]
    81 | D        | Reached XP level 6. HP: 32/32 MP: 7/7
    93 | D        | Found a shimmering blue altar of Sif Muna.
    94 | D        | Found an ornate altar of the Wu Jian Council.
    95 | D        | Found a radiant altar of Vehumet.
   113 | D        | Found Tokk's Book Emporium.
   113 | D        | Found an ancient bone altar of Kikubaaqudgha.
   113 | D        | Found a hazy altar of Hepliaklqana.
   113 | D        | Found a stormy altar of Qazlal.
   113 | D        | Found a hide-covered altar of Uskayaw.
   113 | D        | Found a blossoming altar of Fedhas.
   113 | D        | Found a bloodstained altar of Trog.
   113 | D        | Found an iron altar of Okawaru.
   113 | D        | Found a basalt altar of Yredelemnul.
   113 | D        | Found a glowing golden altar of the Shining One.
   113 | D        | Found a snail-covered altar of Cheibriados.
   113 | D        | Found a sacrificial altar of Ru.
   113 | D        | Found a glowing silver altar of Zin.
   113 | D        | Found a shadowy altar of Dithmenos.
   113 | D        | Found a white marble altar of Elyvilon.
   113 | D        | Noticed a yak
   114 | D        | Found an opulent altar of Gozag.
   115 | D        | Killed a yak
   116 | D        | Reached skill level 19 in Stealth
   116 | D        | Found a sparkling altar of Nemelex Xobeh.
   150 | D        | Found a burning altar of Makhleb.
   150 | D        | Found a shimmering altar of Xom.
   150 | D        | Noticed a slime creature
   151 | D        | Found a viscous altar of Jiyva.
   151 | D        | Found a corrupted altar of Lugonu.
   153 | D        | Killed a slime creature
   153 | D        | Reached *** piety under Trog
   154 | D        | Reached skill level 21 in Stealth
   154 | D        | Reached XP level 7. HP: 36/36 MP: 8/8
   177 | D        | Noticed a centaur warrior
   177 | D        | Noticed a centaur warrior
   178 | D        | Killed a centaur warrior
   179 | D        | Reached skill level 5 in Fighting
   179 | D        | Reached skill level 5 in Unarmed Combat
   179 | D        | Reached XP level 8. HP: 43/43 MP: 9/9
   179 | D        | Killed a centaur warrior
   180 | D        | Reached skill level 22 in Stealth
   180 | D        | Reached skill level 5 in Evocations
   188 | D        | Noticed a hornet
   191 | D        | Killed a hornet
   192 | D        | Reached XP level 9. HP: 49/49 MP: 10/10
   202 | D        | Noticed an oklob plant
   204 | D        | Killed an oklob plant
   204 | D        | Reached **** piety under Trog
   221 | D        | Reached skill level 10 in Dodging
   242 | D        | Noticed an unseen horror
   242 | D        | Noticed an unseen horror
   246 | D        | Killed an unseen horror
   246 | D        | Reached ***** piety under Trog
   247 | D        | Reached skill level 23 in Stealth
   248 | D        | Killed an unseen horror
   544 | D        | Reached XP level 10. HP: 57/57 MP: 11/11
   549 | D        | Reached ****** piety under Trog
   574 | D        | Found Xellelis's General Store.
   574 | D        | Found Bobit's Magic Scroll Shop.
   574 | D        | Found Buseil's Magic Scroll Boutique.
   576 | D        | Found Ralleemp's Magic Scroll Emporium.
   576 | D        | Found Averupau's Weapon Shop.
   576 | D        | Found Yriupitz's Armour Shoppe.
   576 | D        | Found Nudeguf's General Store.
   576 | D        | Found Funavac's Antique Weapon Emporium.
   576 | D        | Found Mogi's Weapon Shop.
   576 | D        | Found Butal's Antique Weapon Shoppe.
   580 | D        | Found Wireuxt's Book Boutique.
   581 | D        | Found Putub's General Store.
   581 | D        | Found Pupou's General Store.
   582 | D        | Found Pegh's Jewellery Emporium.
   591 | D        | Bought a ring of protection from fire for 325 gold pieces
   591 | D        | Bought the ring "Sedaerue" {rPois AC+4 SInv} for 668 gold
                  | pieces
   600 | D        | Bought a wand of acid (6) for 327 gold pieces
   639 | D        | Identified the +1 chain mail of Spring {rN+ Int+4}
   645 | D        | Noticed a deep troll
   647 | D        | Killed a deep troll
   659 | D        | Found Inyedghy's Armour Emporium.
   671 | D        | Noticed Sonja
   674 | D        | Killed Sonja
   726 | D        | Found Vidin's Armour Boutique.
   765 | D        | Gained mutation: You sometimes lose your temper in combat.
                  | [a neqoxec]
   768 | D        | Gained mutation: You occasionally shout uncontrollably at
                  | your foes. [a neqoxec]
   777 | D        | Noticed a demonic crawler
   777 | D        | Noticed a demonic crawler
   777 | D        | Noticed a demonic crawler
   777 | D        | Noticed a demonic crawler
   782 | D        | Killed a demonic crawler
   783 | D        | Reached skill level 24 in Stealth
   783 | D        | Reached skill level 10 in Evocations
   784 | D        | Killed a demonic crawler
   785 | D        | Reached skill level 10 in Fighting
   785 | D        | Reached skill level 10 in Unarmed Combat
   788 | D        | Slain by a demonic crawler
   788 | D        | Lost a life (1 life remaining)
   814 | D        | Killed a demonic crawler
   873 | D        | Killed a demonic crawler
   874 | D        | Reached XP level 11. HP: 17/64 MP: 12/12
   874 | D        | Gained a life (2 lives remaining)
  1304 | D        | Noticed a lindwurm
  1308 | D        | Killed a lindwurm
  1364 | D        | Reached skill level 25 in Stealth
  1387 | D        | Noticed a 12-headed hydra
  1389 | D        | Killed a 12-headed hydra
  1454 | D        | Noticed a shadow dragon
  1454 | D        | Noticed a golden dragon
  1459 | D        | Killed a shadow dragon
  1460 | D        | Reached skill level 15 in Dodging
  1461 | D        | Killed a golden dragon
  1520 | D        | Found Amo Waf's Antique Weapon Shoppe.
  1596 | D        | Noticed a lorocyproca
  1601 | D        | Killed a lorocyproca
  1933 | D        | Noticed a shining eye
  1933 | D        | Noticed a shining eye
  1933 | D        | Noticed a shining eye
  1933 | D        | Noticed a shining eye
  1933 | D        | Noticed a shining eye
  1933 | D        | Noticed a shining eye
  1935 | D        | Reached skill level 26 in Stealth
  1936 | D        | Killed a shining eye
  1937 | D        | Gained mutation: Your thick and shaggy fur keeps you warm.
                  | (AC +3, rC+) [Felid growth]
  1937 | D        | Reached XP level 12. HP: 72/72 MP: 13/13
  1954 | D        | Found Xeseuduo's Distillery.
  1954 | D        | Found Ytaircho's Armour Emporium.
  1955 | D        | Found Ukhyug's Assorted Antiques.
  1955 | D        | Found Ylacir's Weapon Boutique.
  1960 | D        | Bought a short brass wand for 116 gold pieces
  2042 | D        | Noticed a daeva
  2297 | D        | Noticed a fire giant
  2300 | D        | Noticed a fire giant
  2301 | D        | Noticed a fire giant
  2302 | D        | Noticed a fire giant
  2317 | D        | Killed a fire giant
  2319 | D        | Killed a fire giant
  2320 | D        | Killed a fire giant
  2321 | D        | Reached skill level 27 in Stealth
  2323 | D        | Killed a fire giant
  2838 | D        | Identified the +1 ring mail "Wonix" {rC+ rN+}
  2933 | D        | Bought a fuming black potion for 26 gold pieces
  3013 | D        | HP: 3/111 [daeva/divine providence (9)]
  3015 | D        | Mangled by a daeva
  3015 | D        | Lost a life (1 life remaining)
  3024 | D        | Killed a daeva
  3025 | D        | Reached skill level 15 in Evocations
  3037 | D        | Identified the staff "Qeap Lor" {rPois Str-2 Int+3 SInv
                  | Alchemy}
  3084 | D        | Noticed a deep elf annihilator
  3086 | D        | Killed a deep elf annihilator
  3372 | D        | Noticed a mummy priest
  3376 | D        | Killed a mummy priest
  3377 | D        | Reached XP level 13. HP: 79/79 MP: 14/14
  3377 | D        | Gained a life (2 lives remaining)
  4183 | D        | Noticed the 27-headed Lernaean hydra
  4220 | D        | Slain by the 27-headed Lernaean hydra
  4220 | D        | Lost a life (1 life remaining)
  4272 | D        | Mangled by the 27-headed Lernaean hydra
  4272 | D        | Lost a life (0 lives remaining)
  4288 | D        | Identified the ring of Romedgh {EV+5 Int+2}
  4288 | D        | Noticed a deep elf master archer
  4300 | D        | Killed a deep elf master archer
  4301 | D        | Reached skill level 15 in Fighting
  4301 | D        | Reached skill level 15 in Unarmed Combat
  4383 | D        | Slain by the 27-headed Lernaean hydra

Illustrated notes

Levels and vault maps discovered:
D:        dungeon_sprint_1 [red_sonja_temple_1, red_sonja_temple_small_1]

Skill      XL: |  1  2  3  4  5  6  7  8  9 10 11 12 13 |
---------------+----------------------------------------+-----
Stealth        | 8 12 17 21 22 23 24 26 27 | 27.0
Fighting       | 5 6 8 10 12 14 15 | 15.0
Dodging        | 6 8 11 13 16 18 19 | 19.1
Unarmed Combat | 5 6 8 10 12 14 15 | 15.0
Evocations     | 4 6 8 11 13 15 | 15.9

Action                     |  1- 3 |  4- 6 |  7- 9 | 10-12 | 13-15 || total
---------------------------+-------+-------+-------+-------+-------++-------
  Melee: Unarmed           |     5 |     4 |    26 |   145 |     1 ||   181
         Bite              |       |       |     1 |    26 |       ||    27
         Punch             |       |       |     1 |    16 |     1 ||    18
 Invoke: Berserk           |     1 |       |     1 |     4 |     1 ||     7
         Brothers in Arms  |       |       |     1 |     9 |       ||    10
         Trog's Hand       |       |       |     1 |     6 |     1 ||     8
  Evoke: Wand              |       |       |       |    14 |    16 ||    30
    Use: Scroll            |       |       |     1 |     2 |       ||     3
         Potion            |       |       |       |     2 |     2 ||     4
   Stab: Sleeping          |     1 |     4 |    10 |    10 |       ||    25
         Distracted        |       |       |       |     1 |       ||     1
 Armour: Skin              |     1 |       |     9 |    55 |    42 ||   107
  Dodge: Dodged            |     1 |       |    27 |   201 |    46 ||   275

Table legend: (Time is in decaauts)
 A = Elapsed time spent in this place.
 B = Non-inter-level travel time spent in this place.
 C = Inter-level travel time spent in this place.
 D = Time resting spent in this place.
 E = Time spent auto-exploring this place.
 F = Levels seen in this place.
 G = Mean time per level.
                   A        B        C        D        E       F      G
               +--------+--------+--------+--------+--------+-----+--------+
         Total |   4419 |   4292 |    127 |   2879 |      0 |   1 | 4419.0 |
       Dungeon |   4419 |   4292 |    127 |   2879 |      0 |   1 | 4419.0 |
               +--------+--------+--------+--------+--------+-----+--------+

Top non-repeatable levels by time:
       D: 4419 daAuts
